 Dungeon Sprint DCSS version 0.28.0-43-g3370ac3207 (webtiles) character file.

Game seed: 3581663193917554397

1100000 smarlow the Eclecticist (level 13, -48/100 HPs)
             Began as a Djinni Warper on Mar 3, 2022.
             Was a Follower of Makhleb.
             Annihilated by a meat berserker
             ... wielding a +9 battleaxe
              (82 damage)
             ... in the Dungeon (Sprint VIII: "Arena of Blood").
             The game lasted 00:00:31 (11 turns).

smarlow the Eclecticist (Djinni Warper)               Turns: 11, Time: 00:00:31

Health: -48/100    AC:  3    Str: 14    XL:     13   Next: 12%
Gold:   0          EV: 17    Int: 16    God:    Makhleb [*.....] SH:  0 Dex: 13

rFire   + + .      SeeInvis .   i - +∞ Axe of Woe
rCold   x . .      Faith    .   (shield currently unavailable)
rNeg    . . .      Spirit   .   b - +0 leather armour
rPois   ∞          Reflect  .   (no helmet)
rElec   .          Harm     .   (no cloak)
rCorr   .          Rampage  .   (no gloves)
Will    +....      NoTele   +   (boots unavailable)
Stlth   +.........              (no amulet)
HPRegen 0.26/turn               (no ring)
MPRegen 0.00/turn               (no ring)

@: flying
A: sickness immunity, fire resistance 2, cold vulnerability 1, float, innate
caster, HP casting, extra vitality 1
a: Renounce Religion


You were in the Dungeon.
You worshipped Makhleb.
Makhleb was aware of your devotion.
You visited 1 branch

Inventory:

Hand Weapons
 a - a +0 hand axe
 i - the +∞ Axe of Woe (weapon)
   (You found it in the Dungeon)
Missiles
 d - 5 boomerangs of dispersal (quivered)
Armour
 b - a +0 leather armour (worn)
Scrolls
 c - 2 scrolls of blinking
Potions
 e - a potion of curing
 f - a potion of heal wounds
 g - a potion of haste
 h - a potion of berserk rage


   Skills:
 + Level 11.7 Fighting
 + Level 10.1 Axes
 + Level 3.7 Throwing
 + Level 4.2 Armour
 + Level 12.4 Dodging
 + Level 19.8 Spellcasting


You had 16 spell levels left.
You knew the following spells:

 Your Spells              Type           Power      Damage    Failure   Level
a - Blink                 Tloc           100%       N/A       0%          2
b - Lesser Beckoning      Tloc           68%        N/A       0%          3
c - Gell's Gravitas       Tloc           68%        N/A       0%          3
d - Teleport Other        Tloc           68%        N/A       0%          3
e - Manifold Assault      Tloc           68%        N/A       1%          5
f - Pain                  Necr           100%       1d9       0%          1
g - Searing Ray           Conj           100%       2d8       0%          2
h - Conjure Flame         Conj/Fire      68%        6-21      0%          3
i - Frozen Ramparts       Ice            100%       1d12      0%          3
j - Metabolic Englaciati  Hex/Ice        34%        N/A       1%          5
k - Alistair's Intoxicat  Tmut/Pois      45%        N/A       1%          5
Your spell library was empty.

Dungeon Overview and Level Annotations

Branches:
Dungeon (1/1)

Altars:
Makhleb


Innate Abilities, Weirdness & Mutations

You are immune to sickness and miasma.
You are immune to poison.
Your flesh is very heat resistant. (rF++)
You are vulnerable to cold. (rC-)
You float through the air rather than walking.
You learn spells naturally, not from books.
Your magical power is your life essence.
You have superior vitality. (+4 MHP)


Message History

The bag of meat shouts! x2; You hear a shout! x7
The bag of meat hits you with a +9 war axe!!!
Ouch! That really hurt!
You hear a shout! x5
Things that are here:
a +9 war axe; a +30 ring of slaying Unknown command.
You slice the bag of meat!!
You slaughter the bag of meat joyfully.
You kill the bag of meat!
Makhleb accepts your kill.
The meat berserker appears out of thin air!
A meat berserker comes into view. It is wielding a +9 battleaxe.
The meat berserker shouts!
You hear a shout! x4
A bag of meat comes into view. It is wielding a +9 war axe.
You hear a shout! x4
The meat berserker rages.
A bag of meat comes into view. It is wielding a +9 war axe.
You hear a shout!
The bag of meat hits you with a +9 war axe!!
* * * LOW HITPOINT WARNING * * *
You hear a shout!
Your Fighting skill increases to level 11!
Your Axes skill increases to level 10!
Your Dodging skill increases to level 12!
Your Spellcasting skill increases to level 19!
You have reached level 13!
The power to cast Alistair's Intoxication wells up from within.
Spell assigned to 'k'.
The bag of meat shouts!
You hit the bag of meat.
You cleave the bag of meat in twain.
You kill the bag of meat!
Makhleb accepts your kill.
You feel better.
You hear a shout! x9
A bag of meat comes into view. It is wielding a +9 war axe.
You hear a shout! x2
A meat berserker comes into view. It is wielding a +9 battleaxe.
The meat berserker hits you with a +9 battleaxe!!!!
Ouch! That really hurt!
You die...

......#.#......
..............#
............o..
..............O
....oo.......
...........
#..O..oO#
#.....@.#
.###.....).###...
......###..O.....
......._.........
....#...).#......
. #_.<._#......
#....o#......
....._......o..
......###........


You could see 4 meat berserkers and 6 bags of meat.

Vanquished Creatures
  4 orcs (D)
4 creatures vanquished.

Notes
Turn   | Place    | Note
-------+----------+-------------------------------------------
     0 | D        | Found the +∞ Axe of Woe
     0 | D        | smarlow the Djinni Warper began the quest for the Orb.
     0 | D        | Reached XP level 1. HP: 18/18 MP: 0/0
     0 | D        | Noticed a bag of meat
     1 | D        | Noticed a bag of meat
     2 | D        | Noticed a bag of meat
     3 | D        | Became a worshipper of Makhleb the Destroyer
     5 | D        | Killed a bag of meat
     6 | D        | Reached skill level 10 in Dodging
     6 | D        | Reached skill level 16 in Spellcasting
     6 | D        | Reached XP level 2. HP: 34/34 MP: 0/0
     6 | D        | Reached XP level 3. HP: 39/39 MP: 0/0
     6 | D        | Learned a level 1 spell: Pain
     6 | D        | Reached XP level 4. HP: 45/45 MP: 0/0
     6 | D        | Reached XP level 5. HP: 50/50 MP: 0/0
     6 | D        | Learned a level 2 spell: Searing Ray
     6 | D        | Reached XP level 6. HP: 56/56 MP: 0/0
     6 | D        | Reached XP level 7. HP: 61/61 MP: 0/0
     6 | D        | Learned a level 3 spell: Conjure Flame
     6 | D        | Reached XP level 8. HP: 67/67 MP: 0/0
     6 | D        | Reached XP level 9. HP: 72/72 MP: 0/0
     6 | D        | Learned a level 3 spell: Frozen Ramparts
     6 | D        | Reached XP level 10. HP: 78/78 MP: 0/0
     6 | D        | Reached XP level 11. HP: 84/84 MP: 0/0
     6 | D        | Learned a level 5 spell: Metabolic Englaciation
     6 | D        | Noticed a bag of meat
     7 | D        | Noticed a bag of meat
     8 | D        | Killed a bag of meat
     8 | D        | Reached * piety under Makhleb
     8 | D        | Noticed a meat berserker
     9 | D        | Reached skill level 10 in Fighting
     9 | D        | Reached skill level 18 in Spellcasting
     9 | D        | Reached XP level 12. HP: 93/93 MP: 0/0
     9 | D        | Noticed a bag of meat
     9 | D        | Noticed a bag of meat
    10 | D        | Noticed a meat berserker
    10 | D        | Killed a bag of meat
    10 | D        | Noticed a meat berserker
    10 | D        | Noticed a bag of meat
    10 | D        | Noticed a bag of meat
    11 | D        | Reached skill level 10 in Axes
    11 | D        | Reached skill level 19 in Spellcasting
    11 | D        | Reached XP level 13. HP: 15/100 MP: 0/0
    11 | D        | Learned a level 5 spell: Alistair's Intoxication
    11 | D        | Killed a bag of meat
    11 | D        | Noticed a bag of meat
    11 | D        | Noticed a meat berserker
    11 | D        | Annihilated by a meat berserker

Illustrated notes

Levels and vault maps discovered:
D:        meatsprint

Skill      XL: |  1  2  3  4  5  6  7  8  9 10 11 12 |
---------------+-------------------------------------+-----
Fighting       | 9 10 11 | 11.7
Axes           | 7 9 10 | 10.1
Throwing       | 3 |  3.7
Armour         | 3 4 |  4.2
Dodging        | 10 11 12 | 12.4
Spellcasting   | 16 18 19 | 19.8

Action                   |  1- 3 |  4- 6 |  7- 9 | 10-12 | 13-15 || total
-------------------------+-------+-------+-------+-------+-------++-------
Melee: Executioner's axe |     1 |       |       |     2 |     1 ||     4
Dodge: Dodged            |       |       |       |     1 |       ||     1
